AoeStats
← 濕主請三濕

Black Forest

509841318Analyzed
4v4 RM · 5d ago on Sep 28, 2026· 34m 59s· 8 players
Game mode
Random Map
Map size
Large (8 player)
Population
200
Speed
Normal
Resources
Standard
Victory
Conquest
Starting age
Dark Age
Ending age
Imperial Age
RankedLock teamsTeams togetherTeam positionsShared explorationLock speedFull tech treeHidden civsTurbo modeCheats
Victory
Defeat
🇦🇺 Varangians · Australia
906
+16
🇹🇷 Spanish · Türkiye
881
+17
🇹🇼 Cumans · Taiwan
875
+17
🇨🇳 Japanese · China
819
+18
🇨🇳 Khmer · China
908
-18
🇲🇽 Wei · Mexico
903
-17
🇳🇿 Maya · New Zealand
896
-34
🇬🇧 Saxons · United Kingdom
872
-16
marcobecerrap
11:42 Feudal Age
13:20 Wheelbarrow
12:32 Double-Bit Axe
13:23 Loom
17:42 Castle Age
16:20 Stone Mining
16:15 Horse Collar
16:51 Gold Mining
19:02 Heavy Plow
19:23 Bow Saw
28:57 Hand Cart
28:47 Fletching
GingerTom
0:32 Loom
14:18 Feudal Age
16:03 Double-Bit Axe
18:31 Horse Collar
19:06 Stone Mining
21:43 Castle Age
19:47 Gold Mining
21:41 Fishing Lines
23:49 Bow Saw
24:43 Gillnets
28:27 Wheelbarrow
蒙式战车
11:26 Feudal Age
12:13 Man-at-Arms
16:22 Castle Age
mandatum
2:25 Loom
10:16 Feudal Age
12:19 Wheelbarrow
11:31 Town Watch
14:16 Double-Bit Axe
18:52 Castle Age
16:59 Stone Mining
19:45 Fletching
21:13 Wheelbarrow
32:32 Pikeman
濕主請三濕
15:58 Feudal Age
16:50 Fishing Lines
17:00 Double-Bit Axe
17:53 Wheelbarrow
20:54 Castle Age
21:20 Loom
22:58 Hand Cart
22:37 Gillnets
23:08 Bow Saw
29:07 Town Watch
30:01 Horse Collar
30:58 Heavy Plow
36:26 Imperial Age
35:02 Town Patrol
35:15 Forging
35:05 Scale Mail Armor
YAMAHA
0:34 Loom
13:54 Feudal Age
20:26 Castle Age
18:30 Horse Collar
18:42 Double-Bit Axe
20:04 Man-at-Arms
31:25 Bloodlines
31:16 Husbandry
37:35 Imperial Age
SUZUKI
1:13 Loom
13:01 Feudal Age
13:37 Double-Bit Axe
18:45 Gold Mining
25:38 Castle Age
25:42 Capped Ram
29:46 Bloodlines
gibbo13322
5:25 Loom
12:32 Feudal Age
18:21 Castle Age
16:12 Double-Bit Axe
19:47 Horse Collar
25:11 Wheelbarrow
25:12 Heavy Plow
26:05 Husbandry
26:34 Forging
29:03 Gold Mining
30:51 Iron Casting
30:22 Scale Barding Armor
30:31 Bloodlines
33:52 Chain Barding Armor
36:08 Imperial Age
34:57 Fletching
Connection lost

Rejoining the realm…

Still unreachable

The connection could not be restored.

Session expired

The server has moved on; the page needs a fresh start.